 Dungeon Crawl Stone Soup version 0.28.0 (webtiles) character file.

Game seed: 8000519124226960634

59 Hasart the Skirmisher (level 3, 0/31 HPs)
             Began as a Demigod Fighter on Feb 12, 2022.
             Slain by Sigmund (6 damage)
             ... on level 2 of the Dungeon.
             The game lasted 00:02:41 (1528 turns).

Hasart the Skirmisher (Demigod Fighter)             Turns: 1528, Time: 00:02:41

Health: 0/31       AC: 12    Str: 17    XL:     3   Next: 54%
Magic:  5/5        EV:  4    Int: 10    God:
Gold:   13         SH:  0    Dex: 17    Spells: 2/2 levels left

rFire   . . .      SeeInvis .   a - +0 long sword
rCold   . . .      Faith    .   c - +0 buckler
rNeg    . . .      Spirit   .   j - +0 plate armour
rPois   .          Reflect  .   (no helmet)
rElec   .          Harm     .   (no cloak)
rCorr   .          Rampage  .   (no gloves)
Will    .....                   g - +0 pair of boots
Stlth   ..........              (no amulet)
HPRegen 0.10/turn               (no ring)
MPRegen 0.09/turn               (no ring)

@: confused, mighty, flying (expiring)
A: high MP 1, forlorn, divine attributes
a: no special abilities


You were on level 2 of the Dungeon.
You visited 1 branch of the dungeon, and saw 2 of its levels.

You collected 13 gold pieces.

Inventory:

Hand Weapons
 a - a +0 long sword (weapon)
Missiles
 h - 10 poisoned darts (quivered)
Armour
 c - a +0 buckler (worn)
 g - a +0 pair of boots (worn)
 j - a +0 plate armour (worn)
Scrolls
 e - 2 scrolls of teleportation {unknown}
 i - a scroll of fog {unknown}


   Skills:
 + Level 3.0 Fighting
 * Level 2.5 Long Blades
 + Level 0.6 Throwing
 + Level 3.0 Armour
 + Level 0.5 Dodging
 + Level 3.0 Shields


You had 2 spell levels left.
You didn't know any spells.
Your spell library contained the following spells:

 Spells                   Type           Power      Damage    Failure   Level
 Static Discharge         Conj/Air       0%         N/A       100%        2
 Lightning Bolt           Conj/Air       0%         1d11      100%        5
 Maxwell's Capacitive Co  Air            0%         ∞         100%        8


Dungeon Overview and Level Annotations

Branches:
Dungeon (2/15)

Annotations:
D:2 Sigmund


Innate Abilities, Weirdness & Mutations

You have an increased reservoir of magic. (+10% MP)
You shall have no god before yourself.
Your divine heritage dramatically boosts your attributes as you level up.


Message History

* * * LOW HITPOINT WARNING * * *
You miss something. You miss something.
Sigmund appears from thin air!
Reactivating autopickup.
Sigmund hits you but does no damage.
You closely miss Sigmund.
Sigmund is moderately wounded.
Sigmund barely misses you.
You aren't carrying any items that you can evoke.
Throw: 12 darts (poison)
Press: ? - help, Q - select action Shift-Dir - straight line, f - Sigmund
Aim: Sigmund, wielding a +0 scythe and wearing a +0 robe (moderately wounded, 57% to hit)
You throw a poisoned dart.
The poisoned dart closely misses Sigmund.
Sigmund casts a spell at you. You resist with some effort.
Sigmund mumbles some strange words.
Sigmund flickers and vanishes!
Deactivating autopickup; reactivate with Ctrl-A.
Throw: 11 darts (poison)
Press: ? - help, Q - select action Shift-Dir - straight line, f - you Really target yourself?
Okay, then.
Throw: 11 darts (poison)
Press: ? - help, Q - select action Shift-Dir - straight line, f - you You throw a poisoned dart.
Something hits you but does no damage.
You miss something. Something hits you.
* * * LOW HITPOINT WARNING * * *
You hear some strange, mumbled words.
You are confused.
You feel very mighty all of a sudden.
You are starting to lose your buoyancy.
Something hits you but does no damage.
Unknown command.
Something hits you but does no damage.
You miss something.
You hear some strange, mumbled words.
Something tries to affect you, but you resist.
You closely miss something. Something hits you.
You die...

#.#
##......#.#..>#########
.#. ........#.##.##
..... # ###.######.##.#
.#### #.# ####.##.# #.#
#....##.# #.# #.#####.#
#.#.....# #.#.#####
#@#.# #{#<# #)#.# #.#.#
#.#.# ..... .>(...
#...... #.......


There were no monsters in sight!

Vanquished Creatures
  2 adders (D:2)
  3 bats (D:1)
  2 endoplasms
  3 giant cockroaches
  6 goblins
  4 hobgoblins
  6 kobolds
  A quokka (D:1)
  4 ball pythons
  4 frilled lizards
  4 rats (D:1)
39 creatures vanquished.

Notes
Turn   | Place    | Note
-------+----------+-------------------------------------------
     0 | D:1      | Hasart the Demigod Fighter began the quest for the Orb.
     0 | D:1      | Reached XP level 1. HP: 18/18 MP: 3/3
   326 | D:1      | Reached XP level 2. HP: 14/25 MP: 4/4
  1087 | D:2      | Reached XP level 3. HP: 19/31 MP: 5/5
  1488 | D:2      | Noticed Sigmund
  1528 | D:2      | Slain by Sigmund

Illustrated notes

Levels and vault maps discovered:
D:1:      lemuel_arrival_river_ford, layout_basic,
          shapermc_ecumenical_altar_acropolis, minmay_tree_intersection,
          st_stairs_4
D:2:      layout_loops_ring, minivault_19, uniq_sigmund

Skill      XL: |  1  2  3 |
---------------+----------+-----
Long Blades    | 2 |  2.5
Fighting       | 3 |  3.0
Armour         | 3 |  3.0
Shields        | 3 |  3.0
Throwing       | |  0.6
Dodging        | |  0.5

Action                   || total
-------------------------++-------
Melee: Long sword        ||   152
Throw: Dart              ||     2
  Use: Potion            ||     3
Armor: Scale mail        ||    13
       Plate armour      ||    73
Dodge: Dodged            ||    38
Block: Buckler           ||    34
